 Dungeon Crawl Stone Soup version 0.21.1-1-g345015f (webtiles) character file.

88 Fang the Skirmisher (level 4, -2/43 HPs)
             Began as a Gargoyle Berserker on May 16, 2018.
             Was a Believer of Trog.
             Slain by a gnoll
             ... wielding a +0 halberd
              (5 damage)
             ... on level 2 of the Dungeon.
             The game lasted 00:01:56 (904 turns).

Fang the Skirmisher (Gargoyle Berserker)             Turns: 904, Time: 00:01:57

Health: -2/43      AC:  5    Str: 27    XL:     4   Next: 54%
Magic:  4/4        EV: 12    Int:  7    God:    Trog [**....]
Gold:   90         SH:  2    Dex:  9    Spells: 3/3 levels left

rFire    . . .     SeeInvis .   a - +0 hand axe
rCold    . . .     Gourm    .   (no shield)
rNeg     + . .     Faith    .   b - +0 animal skin
rPois    ∞         Spirit   .   (no helmet)
rElec    +         Reflect  +   (no cloak)
rCorr    .         Harm     .   (no gloves)
MR       .....     Rnd*Tele +   (no boots)
Stlth    ..........             m - +2 amulet of reflection
HPRegen  0.14/turn              l - ring of teleportation (curse)
MPRegen  0.09/turn              (no ring)

@: berserking, very quick
A: negative energy resistance 1, electricity resistance, unbreathing,
petrification resistance, rot immunity, AC +3
a: Berserk, Trog's Hand, Burn Spellbooks, Renounce Religion


You were on level 2 of the Dungeon.
You worshipped Trog.
Trog was pleased with you.
You were hungry.

You visited 1 branch of the dungeon, and saw 2 of its levels.

You collected 90 gold pieces.

Inventory:

Hand Weapons
 a - a +0 hand axe (weapon)
Armour
 b - a +0 animal skin (worn)
Jewellery
 l - a cursed ring of teleportation (left hand)
 m - a +2 amulet of reflection (around neck)
Scrolls
 f - a scroll of enchant weapon {unknown}
 g - a scroll of remove curse {unknown}
 i - a scroll of magic mapping {unknown}
 j - a scroll of teleportation {unknown}
 k - 3 scrolls of identify {unknown}
 n - a scroll of fear {unknown}
Potions
 d - a potion of cancellation {unknown}
 e - a potion of ambrosia {unknown}
 h - a potion of brilliance {unknown}
 o - a potion of magic {unknown}
Comestibles
 c - 2 rations


   Skills:
 + Level 3.9 Fighting
 + Level 3.8 Axes
 + Level 2.3 Armour
 + Level 2.1 Dodging
 + Level 0.2 Stealth


You had 3 spell levels left.
You didn't know any spells.

Dungeon Overview and Level Annotations

Branches:
Dungeon (2/15)

Altars:


Innate Abilities, Weirdness & Mutations

You are resistant to torment.
Your stone body is resilient. (AC +3)
You are immune to poison.
You resist negative energy. (rN+)
You are resistant to electric shocks. (rElec)
You can survive without breathing.
You are immune to petrification.
You are immune to rotting.


Message History

You closely miss the goblin. You hit the adder. You barely miss the gnoll.
The goblin hits you but does no damage. The gnoll hits you but does no damage.
The gnoll barely misses you.
Unknown command.
You completely miss the goblin. You slash the adder!
You kill the adder!
Trog accepts your kill.
You hit the gnoll. The gnoll hits you with a whip!
* * * LOW HITPOINT WARNING * * *
The goblin barely misses you.
Unknown command.
You barely miss the goblin. You hit the gnoll. The gnoll closely misses you.
The gnoll barely misses you. x2
Unknown command.
You barely miss the goblin. You slash the gnoll!
You kill the gnoll!
Trog accepts your kill. The goblin hits you but does no damage.
The gnoll misses you.
The gnoll hits you from afar with a halberd.
You die...

........ #..... #.#.....
.....# #.#..... .....
#.#....# ##g..## #.#....#
#.a...# ####.#....#
##.gg..###.........#
###.lg)#..##.#####.###
#....@#.#.##.#####.)..
####...#..##.##....... ####
######...# #.##.#.....
##...##...##...###.##.#....#
#.#.....#...#...#...........
#..#...#.#...#..#.######.###
#...#...#.....#.#.## #.#
#....##........###.## #.#
#....########### ##.####.###


You could see a worker ant, 2 gnolls, a hobgoblin, a goblin and a frilled
lizard.

Vanquished Creatures
  2 gnolls (D:2)
  2 adders (D:2)
  3 oozes (D:1)
  A worm (D:2)
  A dart slug (D:1)
  6 bats
  2 giant cockroaches (D:1)
  5 goblins (D:1)
  3 hobgoblins
  2 jackals (D:1)
  A ball python (D:1)
  2 frilled lizards
  2 kobolds (D:1)
  6 rats
38 creatures vanquished.

Notes
Turn   | Place    | Note
-------+----------+-------------------------------------------
     0 | D:1      | Fang the Gargoyle Berserker began the quest for the Orb.
     0 | D:1      | Reached XP level 1. HP: 14/14 MP: 1/1
    30 | D:1      | Reached XP level 2. HP: 19/19 MP: 2/2
   355 | D:1      | Reached XP level 3. HP: 23/24 MP: 3/3
   523 | D:1      | Reached ** piety under Trog
   887 | D:2      | Reached XP level 4. HP: 23/29 MP: 4/4
   902 | D:2      | HP: 2/43 [gnoll/whip (7)]
   904 | D:2      | Slain by a gnoll

Skill      XL: |  1  2  3 |
---------------+----------+-----
Axes           | 3 |  3.8
Dodging        | 2 |  2.1
Fighting       | |  3.9
Armour         | |  2.3
Stealth        | |  0.2

Action                   |  1- 3 |  4- 6 || total
-------------------------+-------+-------++-------
Melee: Hand axe          |   117 |     8 ||   125
Invok: Berserk           |       |     1 ||     1
Armor: Animal skin       |    64 |     5 ||    69
Dodge: Dodged            |    91 |    14 ||   105
Block: Other             |     1 |     1 ||     2
